 Dungeon Crawl Stone Soup version 0.29.1-1-gd02db6906a (webtiles) character file.

Game seed: 14117013136653889908

236 Ashen the Chiller (level 5, 0/35 (36) HPs)
             Began as a Demonspawn Ice Elementalist on Sept 28, 2022.
             Slain by an ice beast (11 damage)
             ... on level 4 of the Dungeon.
             The game lasted 00:09:33 (4413 turns).

Ashen the Chiller (Demonspawn Ice Elementalist)     Turns: 4413, Time: 00:09:34

HP:   0/35 (36)     AC:  9    Str:  8    XL:     5   Next: 77%
MP:   3/9           EV: 13    Int: 19    God:
Gold: 91            SH:  4    Dex: 19    Spells: 3/10 levels left

rFire   . . .      SeeInvis .   w - +2 falchion (elec)
rCold   . . .      Faith    .   (no shield)
rNeg    . . .      Spirit   .   a - +0 robe
rPois   .          Reflect  .   (no helmet)
rElec   .          Harm     .   y - +0 cloak
rCorr   .          Rampage  .   (no gloves)
Will    .....                   (no boots)
Stlth   +++.......              (no amulet)
HPRegen 0.11/turn               i - +6 ring of dexterity
MPRegen 0.11/turn               (no ring)

@: ice-armoured, freezing walls, lightly drained
A: powered by pain 1, condensation shield, weakness stinger 1
a: no special abilities


You were on level 4 of the Dungeon.
You visited 1 branch of the dungeon, and saw 4 of its levels.

You collected 91 gold pieces.

Inventory:

Hand Weapons
 w - a +2 falchion of electrocution (weapon)
Armour
 a - a +0 robe (worn)
 o - a +0 buckler
 y - a +0 cloak (worn)
Jewellery
 i - a +6 ring of dexterity (left hand)
Wands
 s - a wand of light (3)
Scrolls
 c - 8 scrolls of identify {unknown}
 d - a scroll of vulnerability {unknown}
 f - 2 scrolls of noise {unknown}
 h - 2 scrolls of teleportation {unknown}
 j - 2 scrolls of fear {unknown}
 k - 3 scrolls of immolation {unknown}
 m - 2 scrolls of enchant weapon {unknown}
 p - a scroll of magic mapping {unknown}
 v - a scroll of summoning {unknown}
Potions
 b - a potion of magic
 e - 2 potions of heal wounds {unknown}
 g - a potion of mutation {unknown}
 l - a potion of might {unknown}
 n - 2 potions of degeneration {unknown}
 q - a potion of lignification {unknown}
 r - a potion of curing {unknown}
 t - a potion of brilliance {unknown}
 u - a potion of attraction {unknown}
 x - a potion of haste {unknown}


   Skills:
 + Level 0.9 Fighting
 + Level 3.0 Dodging
 + Level 3.1 Stealth
 * Level 3.2 Spellcasting
 * Level 4.5 Ice Magic


You had 3 spell levels left.
You knew the following spells:

 Your Spells              Type           Power      Damage    Failure   Level
a - Freeze                Ice            80%        1d9       2%          1
b - Frozen Ramparts       Ice            40%        1d7       7%          3
c - Ozocubu's Armour      Ice            20%        N/A       7%          3

Your spell library contained the following spells:

 Spells                   Type           Power      Damage    Failure   Level
 Hailstorm                Conj/Ice       11%        3d5       52%         4


Dungeon Overview and Level Annotations

Branches:
Dungeon (4/15)
 Temple: D:4-7

Altars:
Wu Jian
Yredelemnul


Innate Abilities, Weirdness & Mutations

You sometimes gain a little power by taking damage.
A meltable shield of frost defends you. (SH +4)
You have a small tail.


Message History

The helpless endoplasm fails to defend itself.
You hit the endoplasm.
The endoplasm is almost dead.
You block the endoplasm's attack. You block the ice beast's attack.
The endoplasm freezes you.
You are frozen.
The ice beast hits you. The ice beast freezes you!
The necrophage attacks as you move away!
The necrophage barely misses you. The endoplasm attacks as you move away!
The endoplasm completely misses you.
The necrophage attacks as you move away!
The necrophage hits you.
You feel drained. The endoplasm attacks as you move away!
You block the endoplasm's attack.
Casting: Freeze (safe; 2% risk of failure)
Confirm with . or Enter, or press ? or * to list all spells.
Casting: Frozen Ramparts (dangerous; 7% risk of failure)
Press: ? - help, Dir - look around, f - activate The walls around you are covered in ice.
The necrophage resists.
The wall freezes the necrophage.
The necrophage barely misses you.
The ice beast completely resists.
The wall freezes the ice beast but does no damage.
The wall freezes the endoplasm.
The endoplasm closely misses you.
Casting: Frozen Ramparts (dangerous; 7% risk of failure)
Confirm with . or Enter, or press ? or * to list all spells.
A film of ice covers your body!
The necrophage resists.
The wall freezes the necrophage.
You block the necrophage's attack.
The ice beast completely resists.
The wall freezes the ice beast but does no damage.
The wall freezes the endoplasm.
You kill the endoplasm!
You slash the necrophage! You tail-slap the necrophage.
The necrophage is heavily damaged.
The wall freezes the ice beast but does no damage.
The necrophage resists.
The wall freezes the necrophage.
The necrophage hits you but does no damage.
You closely miss the necrophage.
The necrophage is heavily damaged.
The ice beast completely resists.
The wall freezes the ice beast but does no damage.
The ice beast hits you. The ice beast freezes you!
You die...

.... #.......#...... ..
##..##..............
#..#....#..............
#..#...................
#...#..#............#
###..##.............##
......#....#..>.†..#.#.
#..Yn####...........
....##.@#
##.....<.....# .. #...#
#............# #......
#...........).
#..##...##............
##. ##................
.. #................ ..
##..##........... ..
....##.........# #..
#.........#


You could see an ice beast and a necrophage.

Vanquished Creatures
  A bullfrog (D:3)
  Jessica (D:3)
  3 gnolls (D:3)
  2 adders (D:2)
  2 worms (D:2)
  2 dart slugs (D:2)
  An orc (D:3)
  5 ball pythons
  5 bats
  11 endoplasms
  4 giant cockroaches
  12 goblins
  7 hobgoblins
  2 jackals (D:2)
  3 quokkas
  5 frilled lizards
  4 kobolds
  10 rats
80 creatures vanquished.

Notes
Turn   | Place    | Note
-------+----------+-------------------------------------------
     0 | D:1      | Ashen the Demonspawn Ice Elementalist began the quest for
                  | the Orb.
     0 | D:1      | Reached XP level 1. HP: 13/13 MP: 3/3
   265 | D:1      | Gained mutation: A meltable shield of frost defends you.
                  | (SH +4) [demonic ancestry]
   265 | D:1      | Reached XP level 2. HP: 18/19 MP: 0/5
  1237 | D:2      | Reached XP level 3. HP: 21/24 MP: 0/6
  1918 | D:2      | Reached skill level 4 in Ice Magic
  2004 | D:2      | Found an ornate altar of the Wu Jian Council.
  2739 | D:2      | Gained mutation: You have a small tail. [demonic ancestry]
  2739 | D:2      | Reached XP level 4. HP: 28/30 MP: 7/7
  3142 | D:3      | Noticed Jessica
  3155 | D:3      | Killed Jessica
  3534 | D:3      | Found a faded altar of an unknown god.
  3911 | D:3      | Found a basalt altar of Yredelemnul.
  4000 | D:3      | Gained mutation: You sometimes gain a little power by
                  | taking damage. [demonic ancestry]
  4000 | D:3      | Reached XP level 5. HP: 20/35 MP: 5/9
  4173 | D:3      | Learned a level 3 spell: Frozen Ramparts
  4177 | D:3      | Learned a level 3 spell: Ozocubu's Armour
  4399 | D:4      | Noticed an ice beast
  4413 | D:4      | Slain by an ice beast

Illustrated notes

Levels and vault maps discovered:
D:1:      elethiomel_arrival_quiet, layout_rooms, st_stairs_3,
          minmay_statues_item, nrook_mini_backslash,
          chequers_hall_statues_wall_a
D:2:      layout_loops_ring, basic_altar, minmay_quantized
D:3:      layout_basic, kennysheep_ying_yang,
          chequers_ecumenical_altar_simple_redux, uniq_jessica
D:4:      layout_cave_pools, minmay_temple_entry_waves, minmay_circle_x,
          uniq_robin

Skill      XL: |  1  2  3  4  5 |
---------------+----------------+-----
Stealth        | 2 3 |  3.1
Dodging        | 2 3 |  3.0
Ice Magic      | 4 |  4.5
Spellcasting   | 3 |  3.2
Fighting       | |  0.9

Action                   |  1- 3 |  4- 6 || total
-------------------------+-------+-------++-------
Melee: Unarmed           |    73 |       ||    73
       Spear             |    20 |    43 ||    63
       Falchion          |       |    27 ||    27
       Tailslap          |       |     9 ||     9
 Cast: Freeze            |    68 |    21 ||    89
       Ozocubu's Armour  |       |     1 ||     1
       Frozen Ramparts   |       |     1 ||     1
 Stab: Sleeping          |     5 |     2 ||     7
       Distracted        |     1 |       ||     1
Armor: Robe              |    25 |     5 ||    30
Dodge: Dodged            |    96 |    41 ||   137
Block: Other             |    23 |    16 ||    39
